 Dungeon Crawl Stone Soup version 0.24.0-125-gc4c63601f3 (webtiles) character file.

Game seed: 8739348844992022720, levelgen mode: deterministic

63 Lemonice the Shooter (level 3, 0/29 HPs)
             Began as a Centaur Arcane Marksman on Feb 20, 2020.
             Slain by a rat (1 damage)
             ... on level 2 of the Dungeon.
             The game lasted 00:05:03 (2132 turns).

Lemonice the Shooter (Centaur Arcane Marksman)      Turns: 2132, Time: 00:05:04

Health: 0/29       AC:  4    Str: 12    XL:     3   Next: 89%
Magic:  4/4        EV: 10    Int: 12    God:
Gold:   62         SH:  0    Dex: 12    Spells: 1/4 levels left

rFire    . . .     SeeInvis .   a - +0 shortbow
rCold    + . .     Gourm    .   (shield currently unavailable)
rNeg     . . .     Faith    .   e - +0 robe
rPois    .         Spirit   .   (no helmet)
rElec    .         Reflect  .   (no cloak)
rCorr    .         Harm     .   (no gloves)
MR       +....                  (no barding)
Stlth    +.........             (no amulet)
HPRegen  0.09/turn              h - ring of protection from cold
MPRegen  0.09/turn              (no ring)

@: lethally poisoned (0 -> -1), flying, very quick
A: large, hooves 3, agile 1, deformed body, speed 2, magic resistance 1, tough
skin 3, MP-powered wands
a: no special abilities


You were on level 2 of the Dungeon.
You were not hungry.

You visited 1 branch of the dungeon, and saw 2 of its levels.

You collected 62 gold pieces.

Inventory:

Hand Weapons
 a - a +0 shortbow (weapon)
Armour
 e - a +0 robe (worn)
Jewellery
 h - a ring of protection from cold (left hand)
Scrolls
 j - a scroll of teleportation {unknown}
Potions
 c - a potion of lignification {unknown}
 i - a potion of curing {unknown}
Comestibles
 f - a ration


   Skills:
 + Level 2.3 Fighting
 + Level 3.9 Bows
 - Level 1.3 Dodging
 - Level 1.0 Spellcasting
 + Level 3.3 Hexes


You had one spell level left.
You knew the following spells:

 Your Spells              Type           Power        Failure   Level  Hunger
a - Corona                Hex            #......      8%          1    ##.....
b - Slow                  Hex            #.......     12%         2    ###....

Your spell library contained the following spells:

 Spells                   Type           Power        Failure   Level  Hunger
 Inner Flame              Hex/Fire       #.......     41%         3    ####...
 Portal Projectile        Hex/Tloc       #.....       41%         3    ####...
 Cause Fear               Hex            #.........   58%         4    #####..
 Leda's Liquefaction      Hex/Erth       #.........   83%         4    #####..


Dungeon Overview and Level Annotations

Branches:
Dungeon (2/15)

Altars:


Innate Abilities, Weirdness & Mutations

You have hooves in place of feet.
Armour fits poorly on your strangely shaped body.
You cover ground very quickly.
You have extremely tough skin. (AC +3)
You are agile. (Dex +2)
You are resistant to hostile enchantments. (MR+)
You expend magic power (3 MP) to strengthen your wands.


Message History

Okay, then.
You clumsily bash the rat but do no damage.
You feel sick. The rat barely misses you.
You clumsily bash the rat but do no damage.
Your kick misses the rat. The rat bites you but does no damage.
The rat bites you.
* * * LOW HITPOINT WARNING * * *
You clumsily bash the rat but do no damage.
* * * LOW HITPOINT WARNING * * *
You feel sick. The rat bites you.
* * * LOW HITPOINT WARNING * * *
It was a potion of flight.
You feel very buoyant.
You fly up into the air.
The rat barely misses you.
It was a potion of mutation.
You feel extremely strange.
You feel agile.
You feel your magical essence link to the dungeon's wands.
You feel resistant to hostile enchantments.
The rat bites you.
You die...

##....#.......#
#.#....##.####
#......# .#
###..### ..
#..####..#
#........#
#...####.#
#...####.#
#.@.......
#.r(####..
.......
.".........
#......(...(...
#. #.
####.......###.
#.. #.
#.#......
###..##.#
###.#...#.## #.
.(...... .# #.


You could see a rat.

Vanquished Creatures
  2 adders (D:2)
  3 dart slugs (D:1)
  A leopard gecko (D:1)
  2 ball pythons (D:1)
  3 giant cockroaches
  10 hobgoblins
  2 bats
  3 frilled lizards
  3 goblins
  3 kobolds
  6 rats
  2 plants (D:2)
40 creatures vanquished.

Notes
Turn   | Place    | Note
-------+----------+-------------------------------------------
     0 | D:1      | Lemonice the Centaur Arcane Marksman began the quest for
                  | the Orb.
     0 | D:1      | Reached XP level 1. HP: 16/16 MP: 2/2
   255 | D:1      | Reached XP level 2. HP: 18/23 MP: 3/3
   591 | D:1      | Reached XP level 3. HP: 26/29 MP: 4/4
  1012 | D:1      | Learned a level 2 spell: Slow
  2130 | D:2      | HP: 1/29 [rat (1)]
  2132 | D:2      | Gained mutation: You are agile. (Dex +2) [potion of
                  | mutation]
  2132 | D:2      | Gained mutation: You expend magic power (3 MP) to
                  | strengthen your wands. [potion of mutation]
  2132 | D:2      | Gained mutation: You are resistant to hostile enchantments.
                  | (MR+) [potion of mutation]
  2132 | D:2      | Slain by a rat

Levels and vault maps discovered:
D:1:      dpeg_arrival_renting, layout_basic, minmay_misc_feat_iff,
          item_on_display_a
D:2:      layout_loops_cross, serial_bayou_pond_b,
          nicolae_tso_swordbearing_angel

Skill      XL: |  1  2  3 |
---------------+----------+-----
Bows           | 3 |  3.9
Hexes          | 3 |  3.3
Fighting       | 2 |  2.3
Dodging        | |  1.3
Spellcasting   | |  1.0

Action                   || total
-------------------------++-------
Melee: Shortbow          ||   245
       Kick              ||   114
 Fire: Shortbow          ||   131
 Cast: Corona            ||     1
  Use: Potion            ||     2
  Eat: Ration            ||     1
       Chunk             ||     1
Armor: Robe              ||    35
Dodge: Dodged            ||    61
